 Dungeon Crawl Stone Soup version 0.32-a0-953-g508020473e (webtiles) character file.

Game seed: 14130492963371332322

5 elagabalus the Chopper (level 1, -1/18 HPs)
             Began as a Coglin Berserker on Apr 16, 2024.
             Was a Follower of Trog.
             Slain by a kobold
             ... wielding a +0 short sword
              (3 damage)
             ... on level 1 of the Dungeon.
             The game lasted 00:00:43 (43 turns).

elagabalus the Chopper (Coglin Berserker)             Turns: 43, Time: 00:00:43

Health: -1/18      AC:  2    Str: 17    XL:     1   Next: 80%
Magic:  1/1        EV: 11    Int:  6    God:    Trog [*.....]
Gold:   0          SH:  0    Dex: 13    Spells: 0/0 levels left

rFire   . . .        a - +0 hand axe {Kaori}
rCold   . . .        c - +0 dagger {Aula}
rNeg    . . .        b - +0 animal skin
rPois   .            (no helmet)
rElec   .            (no cloak)
rCorr   .            (no gloves)
SInv    .            (no boots)
Will    .....        (amulet unavailable)
Stlth   +            (ring unavailable)
HPRegen 0.23/turn    (ring unavailable)
MPRegen 0.07/turn    (no gizmo)

%: no passive effects
@: revved
A: off-hand wielding, slow wielding, warmup strikes, no jewellery
a: Invent Gizmo, Renounce Religion, Berserk


You were on level 1 of the Dungeon.
You worshipped Trog.
Trog was aware of your devotion.
You visited 1 branch of the dungeon, and saw 1 of its levels.

Inventory:

Hand Weapons
 a - a +0 hand axe (weapon) {Kaori}
 c - a +0 dagger (offhand) {Aula}
Armour
 b - a +0 animal skin (worn)


   Skills:
 - Level 3.0 Fighting
 * Level 3.4 Axes
 - Level 1.7 Armour
 - Level 1.7 Dodging


You couldn't memorise any spells.
You didn't know any spells.
Your spell library was empty.

Dungeon Overview and Level Annotations

Branches:
Dungeon (1/15)

Altars:


Innate Abilities, Weirdness & Mutations

You can wield a second weapon in your off-hand.
It takes a long time for you to wield or remove held weapons.
Your first few attacks do less damage.
You cannot equip rings or amulets.


Message History

You hit the jackal with your +0 hand axe.
You kill the jackal!
Trog accepts your kill.
You closely miss the jackal with your +0 hand axe.
The jackal barely misses you. The jackal closely misses you. x2
The jackal misses you.
The jackal bites you but does no damage.
You barely miss the jackal with your +0 hand axe.
The jackal is almost dead.
You hit the jackal with your +0 hand axe.
You closely miss the jackal with your +0 hand axe.
You barely miss the jackal with your +0 dagger.
The jackal bites you.
* * * LOW HITPOINT WARNING * * *
The jackal barely misses you. The jackal bites you.
* * * LOW HITPOINT WARNING * * *
The jackal bites you but does no damage.
You closely miss the jackal with your +0 hand axe.
The jackal is almost dead.
You barely miss the jackal with your +0 hand axe.
You hit the jackal with your +0 hand axe.
You barely miss the jackal with your +0 dagger.
The jackal barely misses you. The jackal closely misses you.
The jackal bites you.
* * * LOW HITPOINT WARNING * * *
The jackal barely misses you. The jackal closely misses you.
You barely miss the jackal with your +0 hand axe.
The jackal is almost dead.
You hit the jackal with your +0 hand axe. x2
You kill the jackal!
Trog accepts your kill.
You hit the jackal with your +0 dagger.
You kill the jackal!
Trog accepts your kill. The jackal completely misses you.
You barely miss the kobold with your +0 hand axe.
You hit the jackal with your +0 hand axe.
You hit the kobold but do no damage. The jackal barely misses you.
The kobold hits you with a +0 short sword.
You die...

...#+##....##+###'## .
..##.##....#≈.§≈≈§§# ..
# #........#≈≈.≈§§§# ...
# #........#≈≈...§≈#
....#.#........+.≈.§§≈§.
#.....#........#≈≈...≈≈#
...............#≈§.≈.≈≈#
####.....##.#≈.§≈≈.§#
#@###....##+###+##
.....rhK†###.....
.........# ......
.......... ......
#.#........ ...... #
##........ .....
.........# ...........


You could see a quokka, a jackal and a kobold.

Vanquished Creatures
  A bat (D:1)
  3 jackals (D:1)
4 creatures vanquished.

Notes
Turn   | Place    | Note
-------+----------+-------------------------------------------
     0 | D:1      | elagabalus the Coglin Berserker began the quest for the
                  | Orb.
     0 | D:1      | Reached XP level 1. HP: 18/18 MP: 1/1
    43 | D:1      | Slain by a kobold

Illustrated notes

Levels and vault maps discovered:
D:1:      ncdulo_lavacross, layout_basic, serial_forest,
          infiniplex_forest_zigzag_2, infiniplex_forest_straight_4,
          infiniplex_forest_clump_medium, infiniplex_forest_clump_small,
          infiniplex_forest_straight_2, infiniplex_forest_clump_C,
          infiniplex_forest_clump_curved, infiniplex_forest_straight_3,
          kennysheep_nondescript, item_on_display_a

Action                     || total
---------------------------++-------
  Melee: Dagger            ||    11
         Hand axe          ||    11
 Armour: Animal skin       ||    20
  Dodge: Dodged            ||    18

Table legend: (Time is in decaauts)
 A = Elapsed time spent in this place.
 B = Non-inter-level travel time spent in this place.
 C = Inter-level travel time spent in this place.
 D = Time resting spent in this place.
 E = Time spent auto-exploring this place.
 F = Levels seen in this place.
 G = Mean time per level.
                   A        B        C        D        E       F      G
               +--------+--------+--------+--------+--------+-----+--------+
         Total |     43 |     43 |      0 |      0 |      0 |   1 |   43.0 |
       Dungeon |     43 |     43 |      0 |      0 |      0 |   1 |   43.0 |
               +--------+--------+--------+--------+--------+-----+--------+

Top non-repeatable levels by time:
     D:1: 43 daAuts
